 Dungeon Crawl Stone Soup version 0.28.0-45-g0d030f2227 (webtiles) character file.

Game seed: 10204409227685362662

2617 NinjaNoafa the Nimble (level 9, -5/71 HPs)
             Began as a Merfolk Gladiator on Apr 4, 2022.
             Was a Plaything of Xom.
             Slain by a yak (7 damage)
             ... on level 8 of the Dungeon.
             The game lasted 00:18:49 (7208 turns).

NinjaNoafa the Nimble (Merfolk Gladiator)           Turns: 7208, Time: 00:18:49

Health: -5/71      AC: 12    Str: 23    XL:     9   Next: 60%
Magic:  9/9        EV: 12    Int: 13    God:    Xom [..*...]
Gold:   283        SH: 11    Dex: 16    Spells: 8/8 levels left

rFire   + + +      SeeInvis .   a - +7 hand axe "Oluasa" {vorpal, rPois}
rCold   + + .      Faith    .   j - +0 tower shield
rNeg    . . .      Spirit   .   i - +2 leather armour {rF+}
rPois   +          Reflect  .   c - +0 helmet
rElec   +          Harm     .   t - +0 cloak of the Hot Ocelot {rElec Will+ Str+5}
rCorr   +          Rampage  .   r - +0 pair of gloves
Will    +....                   (no boots)
Stlth   +.........              (no amulet)
HPRegen 0.21/turn               A - +4 ring of protection
MPRegen 0.11/turn               C - ring "Dosano" {rF+ Int+4}

@: resistant
A: (nimble swimmer 2), mertail, clever 1, cold resistance 1, screaming 1
a: Renounce Religion


You were on level 8 of the Dungeon.
You worshipped Xom.
You were a toy of Xom.
You visited 1 branch of the dungeon, and saw 8 of its levels.

You collected 283 gold pieces.

Inventory:

Hand Weapons
 a - the +7 hand axe "Oluasa" (weapon) {vorpal, rPois}
   (You found it on level 6 of the Dungeon)

   It inflicts extra damage upon your enemies.
   rPois:     It protects you from poison.
 b - a +4 hunting sling of freezing
 h - a +1 whip of flaming
 x - a +0 trident
Missiles
 d - 3 throwing nets
 f - 215 stones
 k - 23 poisoned darts (quivered)
 m - 91 sling bullets
 p - 128 bolts
 v - 68 arrows
Armour
 c - a +0 helmet (worn)
 i - a +2 leather armour of fire resistance (worn)
 j - a +0 tower shield (worn)
 l - a +0 leather armour
 n - a +0 scale mail
 r - a +0 pair of gloves (worn)
 s - a scarf of harm
 t - the +0 cloak of the Hot Ocelot (worn) {rElec Will+ Str+5}
   (You acquired it on level 8 of the Dungeon)

   Str:       It affects your strength (+5).
   rElec:     It insulates you from electricity.
   Will:      It increases your willpower.
Jewellery
 e - an amulet of magic regeneration
 A - a +4 ring of protection (left hand)
 C - the ring "Dosano" (right hand) {rF+ Int+4}
   (Xom gifted it to you on level 6 of the Dungeon)

   [ring of protection from fire]

   Int:       It affects your intelligence (+4).
   rF:        It protects you from fire.
Wands
 q - a wand of charming (10)
Scrolls
 g - a scroll of immolation
 o - a scroll of magic mapping
 u - 2 scrolls of vulnerability
 w - a scroll of teleportation
 z - a scroll of noise {unknown}


   Skills:
 + Level 6.9 Fighting
 * Level 4.8(5.4) Axes
 - Level 6.2(8.3) Polearms
 + Level 3.0(4.2) Slings
 - Level 5.6(6.1) Throwing
 + Level 8.9 Dodging


You had 8 spell levels left.
You didn't know any spells.
Your spell library contained the following spells:

 Spells                   Type           Power      Damage    Failure   Level
 Sandblast                Erth           0%         2d4       100%        1
 Blink                    Tloc           0%         N/A       100%        2
 Passwall                 Tmut/Erth      0%         N/A       100%        2
 Lesser Beckoning         Tloc           0%         N/A       100%        3
 Stone Arrow              Conj/Erth      0%         3d7       100%        3
 Manifold Assault         Tloc           0%         N/A       100%        5


Dungeon Overview and Level Annotations

Branches:
Dungeon (8/15)             Temple (0/1) D:5
   Lair: D:8-11

Altars:
Xom


Innate Abilities, Weirdness & Mutations

((You are very nimble when in or above water. (Stealth+, EV+, Speed+++)))
Your lower body shifts to a powerful aquatic tail in water.
Your mind is acute. (Int +2)
Your flesh is cold resistant. (rC+)
You occasionally shout uncontrollably at your foes.


Message History

The yak is almost dead.
You hit the yak. x2; You closely miss the yak.
The yak gores you but does no damage. The yak gores you!
You block the yak's attack. The yak closely misses you.
The yak gores you but does no damage. The yak barely misses you.
You hit the yak.
You kill the yak!
You hit the yak. You closely miss the yak. You hit the yak.
You block the yak's attack. The yak gores you!
The yak gores you but does no damage. The yak barely misses you.
Your base Slings skill increases to level 3!
You block the yak's attack. The yak barely misses you.
You barely miss the yak.
The yak is moderately wounded.
You barely miss the yak. You slash the yak! You hit the yak.
The yak closely misses you. The yak gores you! The yak gores you.
You block the yak's attack. The yak closely misses you. The yak gores you.
You hit the yak.
The yak is moderately wounded.
You hit the yak. x2; You slash the yak! The yak misses you.
You block the yak's attack. The yak gores you. The yak closely misses you.
The yak gores you but does no damage. You block the yak's attack.
You closely miss the yak.
The yak is moderately wounded.
You slash the yak!
You hit the yak. x2; You block the yak's attack.
The yak gores you.
You block the yak's attack. x2; The yak gores you.
The yak gores you!
* * * LOW HITPOINT WARNING * * *
You see here a sapphire potion.
B - a sapphire potion The yak barely misses you.
You block the yak's attack. The yak gores you!
* * * LOW HITPOINT WARNING * * *
The yak gores you!
* * * LOW HITPOINT WARNING * * *
It was a potion of resistance.
You feel protected.
Xom thinks this is hilarious!
You block the yak's attack. x3; The yak gores you!
You die...
Xom snickers!

##...######.......#
.....#....#.......#
.....'....'.......+
.....#....#.......#
###..##.###.......#
#######.#.........#
........#.).......#
........#......YYY#
........#......Y@.+
........#.........#
###.....#.........# #############
###.....#########................
.#..............#................
.#..............+................
.#..............#................
.#..............#................
.#..............#................


You could see 4 yaks.

Vanquished Creatures
  Joseph (D:7)
  Grinder (D:6)
  A yak (D:8)
  Eustachio (D:6)
  A steam dragon (D:7)
  A water moccasin (D:8)
  An ogre (D:5)
  A necrophage (D:7)
  A sky beast (D:7)
  A centaur (D:7)
  2 kobold brigands
  A phantom (D:6)
  A gnoll sergeant (D:8)
  2 scorpions
  A wyvern zombie (D:7)
  4 killer bees (D:7)
  An orc priest (D:5)
  A jelly (D:6)
  2 iguanas
  A scorpion zombie (D:5)
  An orc wizard (D:8)
  2 howler monkey skeletons (D:7)
  6 adders
  3 gnolls (D:8)
  A shadow imp (D:6)
  2 white imps
  An ufetubus (D:5)
  3 adder skeletons (D:4)
  A worm (D:2)
  4 dart slugs
  6 orcs
  2 bats (D:1)
  7 endoplasms (D:1)
  3 giant cockroaches (D:1)
  4 goblins
  5 hobgoblins
  4 jackals (D:1)
  A quokka (D:2)
  7 ball pythons
  5 frilled lizards
  17 kobolds
  2 rats (D:1)
113 creatures vanquished.

Vanquished Creatures (collateral kills)
  A necrophage (D:6)
  An ogre (D:6)
  An orc priest (D:5)
  An iguana (D:5)
  An orc wizard (D:5)
  An ufetubus (D:5)
  2 orcs (D:5)
8 creatures vanquished.

Vanquished Creatures (others)
  A demonic plant (D:1)
  A fungus (D:1)
  11 plants (D:5)
  A withered plant (D:1)
14 creatures vanquished.

Grand Total: 135 creatures vanquished

Notes
Turn   | Place    | Note
-------+----------+-------------------------------------------
     0 | D:1      | NinjaNoafa the Merfolk Gladiator began the quest for the
                  | Orb.
     0 | D:1      | Reached XP level 1. HP: 16/16 MP: 1/1
   234 | D:1      | Reached XP level 2. HP: 22/22 MP: 2/2
   797 | D:1      | Reached XP level 3. HP: 25/28 MP: 3/3
   894 | D:1      | Found a faded altar of an unknown god.
  1167 | D:1      | Prayed at the altar of an unknown god.
  1167 | D:1      | Became a worshipper of Xom the Unpredictable
  1474 | D:2      | Reached XP level 4. HP: 27/34 MP: 4/4
  1649 | D:2      | XOM: divination: magic mapping
  1724 | D:2      | XOM: noise
  1753 | D:2      | XOM: silly message
  1847 | D:2      | You fall into a shaft and drop 1 floor!
  1879 | D:3      | Reached skill level 5 in Dodging
  2069 | D:3      | XOM: noise
  2087 | D:3      | Noticed a bullfrog
  2146 | D:3      | XOM: smoke on damage
  2150 | D:3      | Reached skill level 5 in Polearms
  2751 | D:4      | XOM: 4-stop teleportation journey
  2828 | D:4      | Noticed a scorpion
  2836 | D:4      | Killed a scorpion
  2837 | D:4      | Reached XP level 5. HP: 40/41 MP: 5/5
  3254 | D:4      | Reached XP level 6. HP: 48/48 MP: 6/6
  3464 | D:4      | XOM is BORED!
  3554 | D:5      | Entered Level 5 of the Dungeon
  3593 | D:5      | Reached skill level 6 in Dodging
  3815 | D:5      | XOM: scenery: 1 doors close
  3828 | D:5      | XOM: cast spell 'Summon Horrible Things'
  3852 | D:5      | XOM: give mutations
  3852 | D:5      | Gained mutation: You are frail. (-10% HP) [Xom's mischief]
  3852 | D:5      | Lost mutation: You are frail. (-10% HP) [Xom's mischief]
  3852 | D:5      | Gained mutation: You occasionally shout uncontrollably at
                  | your foes. [Xom's mischief]
  3938 | D:5      | XOM: scenery: create altars
  3945 | D:5      | XOM: confuse monster(s)
  3949 | D:5      | XOM: enchant monster (bad)
  3951 | D:5      | Reached XP level 7. HP: 38/55 MP: 7/7
  4195 | D:5      | Found a staircase to the Ecumenical Temple.
  4597 | D:6      | Noticed Eustachio
  4604 | D:6      | Lost mutation: You occasionally shout uncontrollably at
                  | your foes. [potion of mutation]
  4604 | D:6      | Gained mutation: You occasionally shout uncontrollably at
                  | your foes. [potion of mutation]
  4604 | D:6      | Gained mutation: Your flesh is cold resistant. (rC+)
                  | [potion of mutation]
  4604 | D:6      | Gained mutation: Your mind is acute. (Int +2) [potion of
                  | mutation]
  4613 | D:6      | Killed Eustachio
  4614 | D:6      | Reached skill level 5 in Fighting
  4614 | D:6      | Reached skill level 7 in Dodging
  4624 | D:6      | XOM: silly message
  4696 | D:6      | XOM: noise
  4697 | D:6      | XOM: confusion (+ monsters)
  4699 | D:6      | XOM: summons 3 friendly demons
  4700 | D:6      | Identified the +7 hand axe "Oluasa" {vorpal, rPois}
  4703 | D:6      | Identified the ring "Dosano" {rF+ Int+4} (Xom gifted it to
                  | you on level 6 of the Dungeon)
  4703 | D:6      | XOM: god gift: ring "Dosano" {rF+ Int+4}
  4708 | D:6      | Reached skill level 1 in Axes
  4919 | D:6      | Reached XP level 8. HP: 38/63 MP: 8/8
  5270 | D:6      | Noticed Grinder
  5275 | D:6      | XOM: divination: magic mapping
  5286 | D:6      | Killed Grinder
  5287 | D:6      | Reached skill level 1 in Slings
  5499 | D:7      | XOM: noise
  5534 | D:7      | Noticed Joseph
  5546 | D:7      | XOM: noise
  5550 | D:7      | Killed Joseph
  5551 | D:7      | Reached skill level 5 in Throwing
  5551 | D:7      | Reached skill level 8 in Dodging
  5570 | D:7      | XOM: cloud trail
  5769 | D:7      | Reached XP level 9. HP: 53/69 MP: 9/9
  5776 | D:7      | XOM: divination: detect creatures
  5804 | D:7      | XOM: summons friendly white imp
  5900 | D:7      | XOM: noise
  6072 | D:7      | XOM: potion effect (berserk rage)
  6103 | D:7      | XOM: enchant monster (good)
  6709 | D:8      | Noticed a centaur warrior
  6713 | D:8      | XOM: smoke on damage
  6820 | D:8      | Identified a scroll of acquirement
  6820 | D:8      | Acquired the +0 cloak of the Hot Ocelot {rElec Will+ Str+5}
  7207 | D:8      | HP: 2/71 [yak (7)]
  7208 | D:8      | Slain by a yak

Illustrated notes

Levels and vault maps discovered:
D:1:      noname_arrival_rooms_in_the_neighbourhood, layout_basic,
          shapermc_ecumenical_altar_gd
D:2:      layout_loops_corners, basic_altar, uniq_natasha
D:3:      layout_loops_ring, minmay_misc_feat_five, lightli_corner_chamber
D:4:      layout_loops_ring
D:5:      layout_basic, minmay_temple_entry_from_below_b, kennysheep_boxes
D:6:      layout_basic, uniq_grinder, uniq_eustachio
D:7:      layout_loops_ring, uniq_joseph
D:8:      layout_gridville

Skill      XL: |  1  2  3  4  5  6  7  8  9 |
---------------+----------------------------+-----
Dodging        | 5 6 7 8 |  8.9
Polearms       | 5 6 |  6.2
Fighting       | 3 4 5 6 |  6.9
Throwing       | 3 4 5 |  5.6
Axes           | 2 3 4 |  4.8
Slings         | 2 3 |  3.0

Action                   |  1- 3 |  4- 6 |  7- 9 || total
-------------------------+-------+-------+-------++-------
Melee: Trident           |    96 |   126 |    21 ||   243
       Punch             |     1 |     3 |       ||     4
       Hand axe          |       |       |   104 ||   104
 Fire: Hunting sling     |       |     9 |    14 ||    23
Throw: Stone             |       |     1 |       ||     1
       Dart              |       |       |     3 ||     3
  Use: Scroll            |       |     3 |    12 ||    15
       Potion            |       |     2 |     8 ||    10
 Stab: Sleeping          |     2 |     2 |       ||     4
       Invisible         |       |       |     4 ||     4
       Petrified         |       |       |     8 ||     8
Armor: Leather armour    |    34 |     4 |    55 ||    93
       Scale mail        |       |    34 |    24 ||    58
Dodge: Dodged            |    61 |    96 |   105 ||   262
Block: Tower shield      |       |       |   135 ||   135
